 Dungeon Crawl Stone Soup version 0.30.1-3-gfc49f6343a (webtiles) character file.

Game seed: 1199018611041807537

49 cdecastro the Cudgeller (level 3, -2/36 HPs)
             Began as a Troll Fighter on July 19, 2023.
             Slain by Sigmund
             ... wielding a +0 scythe
              (11 damage)
             ... on level 2 of the Dungeon.
             The game lasted 00:01:07 (982 turns).

cdecastro the Cudgeller (Troll Fighter)              Turns: 982, Time: 00:01:07

Health: -2/36      AC:  4    Str: 24    XL:     3   Next: 51%
Magic:  2/2        EV:  9    Int:  4    God:
Gold:   77         SH:  8    Dex: 11    Spells: 2/2 levels left

rFire   . . .        (no weapon)
rCold   . . .        c - +0 kite shield
rNeg    . . .        b - +0 robe
rPois   .            (helmet restricted)
rElec   .            (no cloak)
rCorr   .            (gloves unavailable)
SInv    .            (boots unavailable)
Will    .....        (no amulet)
Stlth   +            (no ring)
HPRegen 1.06/turn    (no ring)
MPRegen 0.08/turn

%: no passive effects
@: no status effects
A: large, unfitting armour, claws 3, regeneration 1, shaggy fur 1, tough skin 1
a: no special abilities


You were on level 2 of the Dungeon.
You visited 1 branch of the dungeon, and saw 2 of its levels.

You collected 77 gold pieces.

Inventory:

Hand Weapons
 a - a +0 flail
Missiles
 i - 7 poisoned darts (quivered)
Armour
 b - a +0 robe (worn)
 c - a +0 kite shield (worn)
Scrolls
 f - a scroll of silence {unknown}
 g - a scroll of magic mapping {unknown}
 l - a scroll of identify {unknown}
Potions
 d - a potion of might
 e - a potion of brilliance {unknown}
 h - a potion of magic {unknown}
 j - a potion of ambrosia {unknown}
 k - a potion of flight {unknown}


   Skills:
 + Level 2.9 Fighting
 * Level 3.1 Maces & Flails
 - Level 2.4 Dodging
 - Level 2.6 Shields


You had 2 spell levels left.
You didn't know any spells.
Your spell library was empty.

Dungeon Overview and Level Annotations

Branches:
Dungeon (2/15)

Altars:

Annotations:
D:2 Sigmund


Innate Abilities, Weirdness & Mutations

You are too large for most types of armour.
You have claws for hands.
Your natural rate of healing is unusually fast.
You are covered in fur. (AC +1)
You have tough skin. (AC +1)


Message History

Sigmund is nearby!
Sigmund shouts!
You block Sigmund's attack.
Sigmund points at you and mumbles some strange words.
You are confused.
You bump into the rock wall.
Sigmund casts a spell at you. The magic dart hits you.
You closely miss Sigmund. Sigmund hits you with a +0 scythe.
You bump into the rock wall.
You're too confused to move!
Sigmund hits you with a +0 scythe!
You bump into the rock wall.
Sigmund gestures wildly while chanting.
Sigmund flickers and vanishes!
Deactivating autopickup; reactivate with Ctrl-A.
You bump into the rock wall.
You hear some strange, mumbled words.
A magic dart appears from out of thin air!
The magic dart hits you.
You bump into the rock wall.
You feel less confused.
You hear some strange, mumbled words.
Something tries to affect you, but you resist.
You miss something. Something hits you but does no damage.
You closely miss something. You closely miss something.
You block something's attack.
You miss something. Something hits you.
You closely miss something. Something hits you.
* * * LOW HITPOINT WARNING * * *
You closely miss something. You miss something. Something hits you!
* * * LOW HITPOINT WARNING * * *
You claw something! Something hits you.
* * * LOW HITPOINT WARNING * * *
You claw something! Something hits you!
* * * LOW HITPOINT WARNING * * *
You miss something. You scratch something but do no damage.
Something hits you but does no damage.
You scratch something. Something hits you!
You die...

(.###########†#
..# #.# ..#
#.###### ..#
#######.....)#####
..#
#................#
..#
#.######.#.#.###[
... #.#.# # .
#.#.# #.#@# #.#{#
#.#.# #.#.# #..
#.# .## #


There were no monsters in sight!

Vanquished Creatures
  An adder (D:2)
  3 worms (D:2)
  A dart slug (D:1)
  3 orcs (D:2)
  2 endoplasms (D:1)
  3 hobgoblins (D:1)
  4 kobolds
  A ball python (D:1)
  4 bats
  A frilled lizard (D:2)
  2 goblins
  2 rats (D:1)
27 creatures vanquished.

Notes
Turn   | Place    | Note
-------+----------+-------------------------------------------
     0 | D:1      | cdecastro the Troll Fighter began the quest for the Orb.
     0 | D:1      | Reached XP level 1. HP: 22/22 MP: 0/0
    26 | D:1      | Reached skill level 2 in Maces & Flails
   114 | D:1      | Reached XP level 2. HP: 25/29 MP: 1/1
   831 | D:2      | Reached XP level 3. HP: 30/36 MP: 2/2
   896 | D:2      | Reached skill level 3 in Maces & Flails
   959 | D:2      | Noticed Sigmund
   982 | D:2      | Slain by Sigmund

Illustrated notes

Levels and vault maps discovered:
D:1:      dpeg_arrival_lava_temple_mockup, layout_loops_ring,
          minmay_misc_feat_room
D:2:      layout_loops_ring, basic_ecumenical_altar, uniq_sigmund

Skill      XL: |  1  2  3 |
---------------+----------+-----
Maces & Flails | 2 3 |  3.1
Fighting       | |  2.9
Dodging        | |  2.4
Shields        | |  2.6

Action                     || total
---------------------------++-------
  Melee: Unarmed           ||    87
 Armour: Robe              ||    22
  Dodge: Dodged            ||    26
  Block: Kite shield       ||    30
